 Dungeon Crawl Stone Soup version 0.21.1-1-g345015f (webtiles) character file.

1287 KeyboardFingers the Quickloader (level 8, 0/72 HPs)
             Began as a Deep Dwarf Hunter on June 11, 2018.
             Was a Believer of Yredelemnul.
             Slain by Snorg (15 damage)
             ... on level 9 of the Dungeon.
             The game lasted 00:47:30 (4387 turns).

KeyboardFingers the Quickloader (Deep Dwarf Hunter) Turns: 4387, Time: 00:47:30

Health: 0/72       AC: 10    Str: 17    XL:     8   Next: 30%
Magic:  9/9        EV: 12    Int: 11    God:    Yredelemnul [**....]
Gold:   64         SH:  0    Dex: 15    Spells: 7/7 levels left

rFire    . . .     SeeInvis +   a - +1 hand crossbow
rCold    . . .     Gourm    .   (no shield)
rNeg     . . .     Faith    .   q - +0 scale mail
rPois    .         Spirit   .   w - +1 helmet {SInv}
rElec    .         Reflect  .   l - +0 cloak
rCorr    .         Harm     .   (no gloves)
MR       +....                  (no boots)
Stlth    ..........             (no amulet)
HPRegen  0.00/turn              (no ring)
MPRegen  0.11/turn              (no ring)

@: non-regenerating
A: damage resistance, heal wounds, sense surroundings 1, no regeneration
a: Heal Wounds, Animate Remains, Recall Undead Slaves, Injury Mirror, Renounce
Religion


You were on level 9 of the Dungeon.
You worshipped Yredelemnul.
Yredelemnul was pleased with you.
You were not hungry.

You visited 3 branches of the dungeon, and saw 9 of its levels.

You collected 251 gold pieces.
You spent 187 gold pieces at shops.

Inventory:

Hand Weapons
 a - a +1 hand crossbow (weapon)
 b - a +0 short sword
 m - a +3 mace
 r - a +0 trident
 s - a +0 dagger of chaos
Missiles
 e - 25 bolts (quivered)
 y - 35 sling bullets
Armour
 c - a +0 leather armour
 h - a +0 ring mail
 l - a +0 cloak (worn)
 n - a +0 ring mail
 q - a +0 scale mail (worn)
 w - a +1 helmet of see invisible (worn)
Scrolls
 i - 2 scrolls of magic mapping {unknown}
 j - a scroll of fog {unknown}
 k - 2 scrolls of amnesia {unknown}
 o - 3 scrolls of teleportation
 t - 3 scrolls of identify {unknown}
 u - a scroll of remove curse {unknown}
 z - a scroll of enchant armour {unknown}
Potions
 g - a potion of degeneration {unknown}
 p - 2 potions of cancellation {unknown}
 v - 2 potions of heal wounds {unknown}
 x - a potion of lignification {unknown}
Comestibles
 f - 11 rations


   Skills:
 + Level 3.8 Fighting
 + Level 1.6 Maces & Flails
 * Level 8.1 Crossbows
 * Level 4.2 Armour
 * Level 4.6 Dodging
 * Level 1.3 Stealth
 * Level 4.3 Invocations


You had 7 spell levels left.
You didn't know any spells.

Dungeon Overview and Level Annotations

Branches:
Dungeon (9/15)             Temple (1/1) D:4             Orc (1/2) D:9
   Lair: D:8-11

Altars:
Ashenzari
Cheibriados
Fedhas
Makhleb
Nemelex Xobeh
Okawaru
Qazlal
Ru
Sif Muna
Trog
Uskayaw
Vehumet
Wu Jian
Xom
Yredelemnul
The Shining One

Shops:
D:4 ([

Annotations:
D:8 nulman's ghost, novice HuNe
D:9 Snorg


Innate Abilities, Weirdness & Mutations

You are resistant to damage.
You can heal yourself by infusing magical energy.
You passively map a small area around you.
You do not regenerate.


Message History

The troll completely misses you. The troll claws you but does no damage.
The troll claws you!
There is a staircase back to the Dungeon here.
You can't go down here!
Snorg completely misses you. Snorg claws you!
Snorg claws you but does no damage. Snorg bites you! Snorg misses you.
Snorg claws you!
You climb upwards.
Welcome back to the Dungeon!
There is a staircase to the Orcish Mines here.
As you read the scroll labeled BEIK SOAGGAIC, it crumbles to dust.
You hear a loud clanging noise!
It was a scroll of noise.
You hear a shout!
Snorg barely misses you. Snorg claws you!
* * * LOW HITPOINT WARNING * * *
Snorg claws you.
* * * LOW HITPOINT WARNING * * *
Snorg closely misses you. Snorg claws you!
You die...
Your body rises from the dead as a mindless zombie.

* * * *** ##### #### ,.
*##...##...## .#
##..........## ###.#
#............# #...
#...........>#
####.#####.....T@.....#
.....#.......<.>.....##
...............##...##
.............### ####
......)......#
.............#
.............#
.............# **
............... ,


You could see Snorg (berserk).

Vanquished Creatures
  The ghost of KeyboardFingers the Bolt Thrower, an amateur DDHu (D:3)
  A phantom (D:4)
  An ogre (D:4)
  3 scorpions
  2 howler monkeys (D:8)
  5 crimson imps
  A jelly (D:8)
  2 orc wizards
  2 orc priests
  Natasha (thrice) (D:4)
  An iguana (D:4)
  3 worker ants
  3 hound skeletons
  A worker ant zombie (D:9)
  6 adders
  3 gnolls (D:9)
  A shadow imp (D:9)
  2 oozes (D:2)
  3 worms
  6 dart slugs
  A leopard gecko (D:2)
  14 orcs
  3 bats
  4 giant cockroaches
  5 goblins
  12 hobgoblins
  14 kobolds
  4 quokkas
  3 frilled lizards
  8 rats
118 creatures vanquished.

Vanquished Creatures (others)
  An orc (D:3)
1 creature vanquished.

Grand Total: 119 creatures vanquished

Notes
Turn   | Place    | Note
-------+----------+-------------------------------------------
     0 | D:1      | KeyboardFingers the Deep Dwarf Hunter began the quest for the Orb.
     0 | D:1      | Reached XP level 1. HP: 19/19 MP: 1/1
   105 | D:1      | Reached XP level 2. HP: 26/26 MP: 2/2
   216 | D:1      | Reached skill level 5 in Crossbows
   834 | D:2      | Reached XP level 3. HP: 30/32 MP: 3/3
  1019 | D:2      | Reached skill level 1 in Armour
  1100 | D:2      | Found a basalt altar of Yredelemnul.
  1111 | D:2      | Reached XP level 4. HP: 35/39 MP: 4/4
  1280 | D:2      | Became a worshipper of Yredelemnul the Dark
  1285 | D:2      | Reached skill level 1 in Maces & Flails
  1733 | D:3      | Found a shimmering altar of Xom.
  1745 | D:3      | Reached skill level 6 in Crossbows
  1745 | D:3      | Reached XP level 5. HP: 28/45 MP: 5/5
  1808 | D:3      | Reached skill level 1 in Invocations
  1844 | D:3      | Found a snail-covered altar of Cheibriados.
  1853 | D:3      | Noticed KeyboardFingers's ghost (amateur DDHu)
  1866 | D:3      | Killed KeyboardFingers's ghost
  1866 | D:3      | Reached XP level 6. HP: 27/55 MP: 5/7
  2028 | D:3      | Reached * piety under Yredelemnul
  2501 | D:3      | Found a bloodstained altar of Trog.
  2688 | D:4      | Reached skill level 7 in Crossbows
  2700 | D:4      | Found Biolel's Weapon Boutique.
  2719 | D:4      | Found Miles's Antique Armour Emporium.
  2736 | D:4      | Reached XP level 7. HP: 47/61 MP: 9/9
  2758 | D:4      | Noticed Natasha
  2768 | D:4      | Killed Natasha
  2925 | D:4      | Noticed Natasha
  2933 | D:4      | Killed Natasha
  3010 | D:4      | Found a glowing golden altar of the Shining One.
  3042 | D:4      | Found a staircase to the Ecumenical Temple.
  3061 | Temple   | Entered the Ecumenical Temple
  3415 | D:4      | Found an ornate altar of the Wu Jian Council.
  3553 | D:4      | Noticed Natasha
  3566 | D:4      | Killed Natasha
  3623 | D:5      | Entered Level 5 of the Dungeon
  3768 | D:4      | Bought a glowing helmet for 187 gold pieces
  3902 | D:5      | Reached ** piety under Yredelemnul
  3902 | D:5      | Reached skill level 8 in Crossbows
  3902 | D:5      | Reached XP level 8. HP: 51/69 MP: 11/11
  3968 | D:5      | You fall through a shaft for 3 floors!
  4026 | D:8      | Noticed nulman's ghost (novice HuNe)
  4123 | D:8      | Noticed Prince Ribbit
  4362 | D:9      | Found a staircase to the Orcish Mines.
  4371 | Orc:1    | Entered Level 1 of the Orcish Mines
  4377 | Orc:1    | Noticed Snorg
  4377 | Orc:1    | Noticed a troll
  4387 | D:9      | Slain by Snorg

Skill      XL: |  1  2  3  4  5  6  7  8 |
---------------+-------------------------+-----
Crossbows      | 5 6 7 8 |  8.1
Armour         | 1 2 3 4 |  4.2
Maces & Flails | 1 |  1.6
Fighting       | 2 3 |  3.8
Dodging        | 3 4 |  4.6
Invocations    | 1 3 4 |  4.3
Stealth        | |  1.3

Action                   |  1- 3 |  4- 6 |  7- 9 || total
-------------------------+-------+-------+-------++-------
Melee: Mace              |       |       |   114 ||   114
 Fire: Hand crossbow     |    78 |   155 |    99 ||   332
Invok: Animate Remains   |       |       |     1 ||     1
 Abil: Heal Wounds       |       |     2 |    10 ||    12
  Use: Scroll            |       |     3 |     2 ||     5
       Potion            |       |     1 |     2 ||     3
  Eat: Chunk             |       |     5 |       ||     5
       Ration            |       |       |     2 ||     2
Armor: Leather armour    |     2 |       |       ||     2
       Ring mail         |     5 |    18 |       ||    23
       Scale mail        |       |     6 |   149 ||   155
Dodge: Dodged            |    13 |    45 |   217 ||   275
